 Dungeon Crawl Stone Soup version 0.17-a0-1910-g4c791fa (webtiles) character file.

69708 derrpe the Reanimator (level 14, -4/111 HPs)
             Began as a Mummy Necromancer on Sept 25, 2015.
             Was the Champion of Sif Muna.
             Slain by an eight-headed hydra (7 damage)
             ... on level 11 of the Dungeon.
             The game lasted 01:45:25 (38170 turns).

derrpe the Reanimator (Mummy Necromancer)          Turns: 38170, Time: 01:45:26

Health: -4/111     AC: 17    Str: 14    XL:     14   Next: 91%
Magic:  16/33      EV: 16    Int: 19    God:    Sif Muna [******]
Gold:   424        SH:  4    Dex: 13    Spells: 7 memorised, 2 levels left

rFire  . . .     SeeInvis .     a - +4 morningstar (freeze)
rCold  . . .     Clarity  .     q - +1 robe "Hero's Friend" {*Corrode rPois rN+ MP+9}
rNeg   + + +     SustAt   .     I - +0 buckler
rPois  ∞         Gourm    .     i - +2 helmet
rElec  .         Spirit   .     o - +2 cloak {MR+}
rCorr  .         Warding  .     C - +2 pair of gloves {Str+3}
rMut   .         Stasis   .     y - +0 pair of boots
MR     ++...                    A - amulet of regeneration
Stlth  ++........               m - ring of fire
                                M - +4 ring of protection

@: very resistant to hostile enchantments, unstealthy
A: no food or potions, fire vulnerability, cold resistance 1, negative energy
resistance 3, torment resistance, unbreathing, in touch with death 1, restore
body
a: Self-Restoration, Channel Energy, Forget Spell, Renounce Religion


You were on level 11 of the Dungeon.
You worshipped Sif Muna.
Sif Muna was exalted by your worship.
You were not hungry.

You visited 2 branches of the dungeon, and saw 19 of its levels.

You collected 1250 gold pieces.
You spent 826 gold pieces at shops.

Inventory:

Hand weapons
 a - a +4 morningstar of freezing (weapon)
 b - a +6 blowgun
 H - the +10 shortbow "Fesaurgh" {flame, rC+}
   (You found it on level 7 of the Lair of Beasts)

   It causes projectiles fired from it to burn those they strike, causing extra
   injury to most foes and up to half again as much damage against particularly
   susceptible opponents.
   It protects you from cold.
Missiles
 h - 54 poisoned needles
 t - 5 needles of frenzy
 u - 9 curare-tipped needles
 B - 5 throwing nets (quivered)
 L - 11 arrows of flame
 N - 11 arrows of frost
 O - 67 arrows
Armour
 i - a +2 helmet (worn)
 o - a +2 cloak of magic resistance (worn)
 q - the +1 robe "Hero's Friend" (worn) {*Corrode rPois rN+ MP+9}
   (You bought it in a shop on level 4 of the Dungeon)

   It protects you from poison.
   It protects you from negative energy.
   It affects your magic capacity (+9).
   It may corrode your equipment when you take damage.
 y - a +0 pair of boots (worn)
 C - a +2 pair of gloves of strength (worn)
 I - a +0 buckler (worn)
Magical staves
 k - an uncursed staff of power
Jewellery
 m - a ring of fire (right hand)
 A - an amulet of regeneration (around neck)
 G - an uncursed ring of protection from magic
 M - a +4 ring of protection (left hand)
Magical devices
 d - a wand of fireball (8)
 l - a wand of digging (15)
 n - a wand of heal wounds (6)
 x - a wand of fireball (3)
 K - a wand of confusion (21)
Scrolls
 c - 6 scrolls of identify
 f - 5 scrolls of remove curse
 j - a scroll of blinking
 p - 4 scrolls of magic mapping
 s - 2 scrolls of recharging
 v - a scroll of teleportation
 z - a scroll of fog
 D - 2 scrolls of amnesia
 E - a scroll of holy word
 J - 2 scrolls of enchant weapon


   Skills:
 - Level 10.4 Fighting
 - Level 9.3 Dodging
 - Level 1.5 Stealth
 - Level 2.0 Shields
 - Level 7.1 Spellcasting
 - Level 7.0 Conjurations
 * Level 7.1 Summonings
 - Level 14.2 Necromancy
 - Level 7.0 Translocations
 - Level 5.3 Invocations


You had 2 spell levels left.
You knew the following spells:

 Your Spells              Type           Power        Failure   Level  Hunger
a - Force Lance           Conj/Tloc      ####....     10%         4    N/A
b - Vampiric Draining     Necr           ######....   1%          3    N/A
c - Animate Skeleton      Necr           N/A          1%          1    N/A
d - Haunt                 Necr/Summ      ######....   98%         7    N/A
e - Dispel Undead         Necr           ######..     1%          5    N/A
f - Summon Butterflies    Summ           ####....     1%          1    N/A
A - Animate Dead          Necr           N/A          1%          4    N/A

Dungeon Overview and Level Annotations

Branches:
Dungeon (11/15)            Temple (0/1) D:7            Lair (8/8) D:9
 Shoals (0/4) Lair:6        Snake (0/4) Lair:3        Slime (0/6) Lair:6
    Orc: D:9-12

Altars:
Ashenzari
Cheibriados
Dithmenos
Gozag
Kikubaaqudgha
Makhleb
Qazlal
Ru
Sif Muna
Xom
The Shining One
Jiyva

Shops:
D:4 *==*   D:6 %

Annotations:
Lair:6 1 runed door


Innate Abilities, Weirdness & Mutations

You do not eat or drink.
Your flesh is vulnerable to fire.
You are immune to poison.
Your flesh is cold resistant.
You are immune to negative energy.
You are immune to unholy pain and torment.
You can survive without breathing.
You are in touch with the powers of death.
You can restore your body by infusing magical energy.


Message History

The eight-headed hydra misses you. The eight-headed hydra bites you!
The eight-headed hydra closely misses you.
The eight-headed hydra bites you.
Casting: Vampiric Draining
Confirm with . or Enter, or press ? or * to list all spells.
Aiming: Vampiric Draining
Press: ? - help, Shift-Dir - straight line, f/p - eight-headed hydra
Aim: an eight-headed hydra (heavily wounded)
You feel a surge of power!
The eight-headed hydra is severely wounded.
You feel life coursing into your body. The eight-headed hydra bites you!
The eight-headed hydra bites you. The eight-headed hydra bites you!
* * * LOW HITPOINT WARNING * * *
You block the eight-headed hydra's attack.
The eight-headed hydra bites you!
* * * LOW HITPOINT WARNING * * *
The eight-headed hydra bites you!
* * * LOW HITPOINT WARNING * * *
The eight-headed hydra bites you!
You die...

#############'### ######(##
###.# #....# # #...# ##.####
# #.### #..# ### #.# #+##
..# ###.### #...... ..#
#.....### #....... ..#
#.......####y......# ..#
###.....#.@Dlyy......#
..#####.......######.......#
..'.....#.....# #.......#
..#######.....# #l#### ..#
####.## #^..## ### #..#
###..# ..# #.## ##.# #.##
#)# ##.#### ...# #.# #.....#


You could see an eight-headed hydra, an iguana and 3 killer bees.

Vanquished Creatures
  The ghost of kosy22 the Protected, a powerful MiBe of Trog (D:11)
  The ghost of Gruud the Cleaver, a powerful DsNe of Qazlal (D:11)
  Harold (D:10)
  2 catoblepae
  6 hydras
  The ghost of cireshan the Thaumaturge, a powerful DECj of Sif Muna (Lair:3)
  14 death yaks
  Sonja (D:10)
  An unseen horror (D:10)
  Pikel (D:6)
  2 hill giants (D:11)
  2 griffons (Lair:5)
  An ugly thing (D:11)
  Maurice (D:10)
  6 black mambas
  12 elephants
  A siren (Lair:6)
  A torpor snail (Lair:7)
  7 spiny frogs
  10 komodo dragons
  A fire drake (Lair:1)
  2 trolls
  4 polar bears
  21 blink frogs
  Grinder (D:6)
  A two-headed ogre (D:10)
  3 deep elf magi
  45 yaks
  2 wyverns
  A shadow (D:11)
  A trapdoor spider (D:11)
  2 basilisks
  A wraith (D:11)
  A deep elf fighter (D:9)
  10 hippogriffs
  2 hungry ghosts
  9 porcupines
  4 orc warriors
  31 water moccasins
  11 wolves
  3 ice beasts
  2 phantoms
  A black bear (D:7)
  7 ogres
  2 sky beasts
  A necrophage (D:11)
  15 crocodiles
  6 centaurs
  A gnoll sergeant (D:8)
  18 giant frogs
  15 killer bees
  2 scorpions
  12 wights
  8 crimson imps
  An iron imp (D:7)
  2 electric eels
  A centaur zombie (D:6)
  8 hounds
  2 giant frog zombies
  3 jellies
  3 orc priests
  9 orc wizards
  Crazy Yiuf (D:3)
  2 giant frog skeletons
  8 iguanas
  9 worker ants
  9 sheep
  A hound zombie (D:9)
  A hound skeleton (D:11)
  7 gnolls (D:8)
  25 river rats
  8 adders
  3 shadow imps
  An adder zombie (D:6)
  4 adder skeletons
  3 giant geckos
  28 orcs
  A ball python (D:7)
  23 bats
  7 goblins
  6 hobgoblins
  12 jackals
  7 giant cockroaches
  A giant gecko skeleton (D:9)
  6 giant newts
  2 goblin zombies (D:7)
  A jackal skeleton (D:7)
  16 kobolds
  A kobold skeleton (D:7)
  2 kobold zombies (D:7)
  2 orc skeletons (D:7)
  An orc zombie (D:7)
  A quokka skeleton (D:8)
  23 rats
  3 fungi
572 creatures vanquished.

Vanquished Creatures (collateral kills)
  2 hydras (Lair:8)
  A deep troll shaman (Lair:8)
  6 death yaks
  A griffon (Lair:8)
  2 black mambas
  4 spiny frogs
  5 elephants
  A torpor snail (Lair:5)
  2 komodo dragons (Lair:3)
  A boulder beetle (Lair:8)
  4 blink frogs
  21 yaks
  3 hippogriffs
  A basilisk (Lair:7)
  A steam dragon (D:11)
  7 wolves
  A water moccasin (Lair:7)
  2 porcupines
  An ogre (D:10)
  4 crocodiles
  Blork the orc (D:6)
  4 giant frogs
  A wight (D:6)
  A killer bee (D:11)
  A hound (D:8)
  2 sheep (Lair:3)
  7 river rats
  An ooze (D:1)
  A giant gecko (D:1)
  A goblin zombie (D:7)
  2 orc skeletons (D:7)
  2 butterflies (Lair:3)
  7 fungi
  4 plants
105 creatures vanquished.

Vanquished Creatures (others)
  3 slaves (D:6)
  A gnoll sergeant (D:6)
  2 gnolls (D:6)
  A shadow imp (D:6)
  69 fungi
  52 plants
128 creatures vanquished.

Grand Total: 805 creatures vanquished

Notes
Turn   | Place    | Note
--------------------------------------------------------------
     0 | D:1      | derrpe the Mummy Necromancer began the quest for the Orb.
     0 | D:1      | Reached XP level 1. HP: 13/13 MP: 3/3
   177 | D:1      | Learned a level 1 spell: Animate Skeleton
   283 | D:1      | Reached XP level 2. HP: 13/19 MP: 0/5
   858 | D:1      | Reached skill level 5 in Necromancy
   948 | D:1      | Reached XP level 3. HP: 24/24 MP: 6/6
  1309 | D:1      | Learned a level 3 spell: Vampiric Draining
  1456 | D:2      | Found a burning altar of Makhleb.
  2016 | D:2      | Found a shattered altar of Ashenzari.
  2020 | D:2      | Found a shadowy altar of Dithmenos.
  2262 | D:3      | Reached XP level 4. HP: 21/31 MP: 7/7
  2751 | D:3      | Reached skill level 1 in Fighting
  3181 | D:3      | Noticed Crazy Yiuf
  3200 | D:3      | Killed Crazy Yiuf
  3429 | D:4      | Reached XP level 5. HP: 34/37 MP: 8/8
  3435 | D:4      | Reached skill level 6 in Necromancy
  3765 | D:4      | Found Fimeibio's Assorted Antiques.
  3785 | D:4      | Bought a fine robe for 136 gold pieces
  3795 | D:4      | Identified the cursed +1 robe "Hero's Friend" {*Corrode rPois rN+ MP+9} (You bought it in a shop on level 4 of the Dungeon)
  3948 | D:4      | Found a deep blue altar of Sif Muna.
  4043 | D:4      | Became a worshipper of Sif Muna the Loreminder
  4179 | D:4      | Found Wairch's Jewellery Shoppe.
  4287 | D:4      | Found Zoer's Jewellery Shop.
  4352 | D:4      | Reached XP level 6. HP: 30/44 MP: 9/9
  4606 | D:4      | Found Muystre Qado's General Store.
  4738 | D:4      | Found a stormy altar of Qazlal.
  5046 | D:5      | Entered Level 5 of the Dungeon
  5703 | D:5      | Reached skill level 7 in Necromancy
  5703 | D:5      | Reached XP level 7. HP: 35/51 MP: 11/11
  6327 | D:5      | Found an ancient bone altar of Kikubaaqudgha.
  6330 | D:5      | Found an opulent altar of Gozag.
  6333 | D:5      | Found a sacrificial altar of Ru.
  6538 | D:6      | Noticed Pikel
  6556 | D:6      | Killed Pikel
  6556 | D:6      | Acquired Sif Muna's first power
  6556 | D:6      | Reached skill level 8 in Necromancy
  6556 | D:6      | Reached XP level 8. HP: 45/60 MP: 13/13
  6663 | D:6      | Noticed Grinder
  6806 | D:6      | Killed Grinder
  6883 | D:6      | Learned a level 4 spell: Animate Dead
  7018 | D:6      | Learned a level 4 spell: Control Undead
  7034 | D:6      | Noticed Blork the orc
  7039 | D:6      | Killed Blork the orc
  7333 | D:6      | Found Wuamegu's Food Shop.
  7573 | D:7      | Reached skill level 9 in Necromancy
  7638 | D:7      | Found a staircase to the Ecumenical Temple.
  8001 | D:7      | Reached XP level 9. HP: 67/67 MP: 15/15
  8007 | D:7      | Acquired Sif Muna's second power
  8007 | D:7      | Reached skill level 5 in Fighting
  8427 | D:7      | Found a glowing golden altar of the Shining One.
  8692 | D:7      | Reached skill level 5 in Dodging
  8694 | D:7      | Reached skill level 10 in Necromancy
  9040 | D:8      | Found a shimmering altar of Xom.
  9387 | D:8      | Found a snail-covered altar of Cheibriados.
 10959 | D:8      | Reached XP level 10. HP: 75/77 MP: 16/16
 10970 | D:8      | Reached skill level 11 in Necromancy
 12684 | D:9      | Found a staircase to the Lair.
 13084 | D:10     | Entered Level 10 of the Dungeon
 13263 | D:10     | Noticed Sonja
 13338 | Lair:1   | Entered Level 1 of the Lair of Beasts
 13640 | Lair:1   | Reached skill level 1 in Invocations
 13914 | Lair:1   | Reached skill level 12 in Necromancy
 14505 | Lair:1   | Reached XP level 11. HP: 59/86 MP: 3/17
 16137 | Lair:2   | Acquired Sif Muna's third power
 17263 | Lair:3   | Reached skill level 13 in Necromancy
 17799 | Lair:3   | Found a staircase to the Snake Pit.
 18069 | Lair:3   | Noticed cireshan's ghost (powerful DECj)
 19087 | Lair:4   | Reached XP level 12. HP: 89/95 MP: 18/18
 19122 | Lair:4   | Noticed a death yak
 19123 | Lair:4   | Noticed a death yak
 19123 | Lair:4   | Noticed a death yak
 19124 | Lair:4   | Noticed a death yak
 20175 | D:10     | Killed Sonja
 20306 | D:10     | Reached skill level 5 in Invocations
 20338 | D:10     | Killed an unseen horror
 20787 | D:4      | Bought a conspicuous book for 360 gold pieces
 20787 | D:4      | Identified Vesuijuc's Volume of Displaced Dark Secrets (You bought it in a shop on level 4 of the Dungeon)
 20793 | D:4      | Learned a level 5 spell: Dispel Undead
 20979 | Lair:3   | Killed cireshan's ghost
 21085 | Lair:3   | Got a fine garnet amulet
 21086 | Lair:3   | Identified the amulet "Jorugaop" {Stasis rC+} (You found it on level 3 of the Lair of Beasts)
 21154 | Lair:3   | Found a deep blue altar of Sif Muna.
 21400 | Lair:3   | Reached skill level 14 in Necromancy
 21810 | Lair:3   | Killed a death yak
 22094 | D:10     | Noticed Maurice
 22113 | D:10     | Killed Maurice
 22286 | D:10     | Noticed Harold
 22308 | D:10     | Killed Harold
 22308 | D:10     | Reached skill level 5 in Spellcasting
 22873 | D:10     | Noticed a catoblepas
 22919 | D:10     | Killed a catoblepas
 23130 | D:10     | Learned a level 4 spell: Force Lance
 23152 | D:11     | Noticed kosy22's ghost (powerful MiBe)
 23496 | D:11     | Reached skill level 1 in Translocations
 23609 | D:11     | Noticed an eight-headed hydra
 23854 | Lair:3   | Killed a death yak
 23854 | Lair:3   | Reached skill level 1 in Conjurations
 24652 | Lair:5   | HP: 2/97 [torpor snail (8)]
 25265 | Lair:5   | Noticed a five-headed hydra
 25871 | Lair:5   | Gained mutation: You are in touch with the powers of death. [Mummy growth]
 25871 | Lair:5   | Gained mutation: You can restore your body by infusing magical energy. [Mummy growth]
 25871 | Lair:5   | Reached XP level 13. HP: 84/103 MP: 7/22
 25883 | Lair:5   | Received a gift from Sif Muna
 25902 | Lair:5   | Identified Sif Muna's Guide on Supportive Evil (Sif Muna gifted it to you on level 5 of the Lair of Beasts)
 25938 | Lair:5   | Reached skill level 10 in Fighting
 26064 | Lair:5   | Killed a five-headed hydra
 27448 | Lair:6   | Found a runed door.
 27449 | Lair:6   | Found a viscous altar of Jiyva.
 27449 | Lair:6   | Noticed an azure jelly
 27450 | Lair:6   | Noticed an azure jelly
 27451 | Lair:6   | Found a staircase to the Slime Pits.
 29002 | Lair:6   | Found a staircase to the Shoals.
 30182 | Lair:6   | Noticed an acid blob
 30531 | Lair:7   | Got an iridescent shortbow
 30547 | Lair:6   | Identified the +10 shortbow "Fesaurgh" {flame, rC+} (You found it on level 7 of the Lair of Beasts)
 30611 | Lair:7   | Reached skill level 1 in Shields
 30901 | Lair:7   | Received a gift from Sif Muna
 30901 | Lair:7   | Reached skill level 5 in Translocations
 30906 | Lair:7   | Identified Sif Muna's Grimoire of Dark Arts (Sif Muna gifted it to you on level 7 of the Lair of Beasts)
 31267 | Lair:6   | Reached skill level 5 in Conjurations
 32030 | Lair:8   | Entered Level 8 of the Lair of Beasts
 32409 | Lair:8   | Reached XP level 14. HP: 42/111 MP: 15/24
 33775 | Lair:8   | Learned a level 7 spell: Haunt
 34134 | Lair:8   | Reached skill level 1 in Summonings
 34168 | Lair:8   | Received a gift from Sif Muna
 34879 | Lair:8   | Identified Sif Muna's Collected Works on Dark Magic (Sif Muna gifted it to you on level 8 of the Lair of Beasts)
 35732 | Lair:8   | Reached skill level 5 in Summonings
 36087 | Lair:4   | Killed a death yak
 36093 | Lair:4   | Killed a death yak
 36551 | D:4      | Bought an uncursed amulet of regeneration for 330 gold pieces
 37385 | D:11     | Noticed Gruud's ghost (powerful DsNe)
 37393 | D:11     | Killed Gruud's ghost
 37393 | D:11     | Received a gift from Sif Muna
 37394 | D:11     | Identified Sif Muna's Volume of Warped Illusion (Sif Muna gifted it to you on level 11 of the Dungeon)
 37397 | D:11     | Learned a level 1 spell: Summon Butterflies
 37694 | D:11     | Killed kosy22's ghost
 38170 | D:11     | HP: 3/111 [eight-headed hydra (9)]
 38170 | D:11     | Slain by an eight-headed hydra

Vault maps used:
D:1:      scummos_arrival_forest
D:2:      nicolae_dithmenos_through_a_glass_darkly, lemuel_round_altar,
          lemuel_doored_altar, grunt_ministairs_6
D:3:      uniq_crazy_yiuf_cottage
D:4:      nicolae_qazlal_eye_of_the_storm, serial_shops, shop, shop, shop_coins,
          nicolae_shop_behind_doors, led_sif_pool
D:5:      grunt_temple_overflow_diamond, first_bread
D:6:      serial_shops, kennysheep_little_box, uniq_pikel, uniq_grinder,
          uniq_blork_the_orc
D:7:      nicolae_tso_besieged_by_evil, minmay_temple_entry_overgrown,
          lightli_minifort
D:8:      nicolae_overflow_crystal_walls, old_standard_altar
D:9:      grunt_lair_entry_elf_guard_hut
D:10:     uniq_harold, uniq_sonja, uniq_maurice
Lair:2:   serial_bayou, serial_bayou_ford_a, serial_bayou_crossing,
          serial_bayou_pond_b, serial_bayou_pond_d,
          nicolae_quartered_pool_little
Lair:3:   dummy_snake_entry, basic_altar, grunt_forest_stairs_basic,
          lemuel_fruit_fields
Lair:4:   minmay_stone_trees_small, st_stairs_8
Lair:5:   serial_bayou_shore_a
Lair:6:   minmay_shoals_entry_lonely_mermaid, slime_altar_2
Lair:7:   grunt_megastairs_3, infiniplex_staircase_pool
Lair:8:   grunt_lair_end_beastmaster

Action                   |  1- 3 |  4- 6 |  7- 9 | 10-12 | 13-15 || total
-------------------------+-------+-------+-------+-------+-------++-------
Melee: Whip              |   114 |    10 |    15 |       |       ||   139
       Unarmed           |     2 |       |       |       |       ||     2
       Dagger            |       |   141 |    44 |     4 |       ||   189
       Morningstar       |       |       |   164 |   294 |   592 ||  1050
       Staff             |       |       |     3 |     1 |       ||     4
 Fire: Blowgun           |       |     8 |       |    32 |     2 ||    42
Throw: Throwing net      |       |       |     2 |       |       ||     2
 Cast: Pain              |    20 |     5 |   131 |   679 |    55 ||   890
       Animate Skeleton  |    12 |       |       |       |     2 ||    14
       Control Undead    |       |       |     7 |     4 |       ||    11
       Vampiric Draining |       |       |    23 |   159 |   309 ||   491
       Animate Dead      |       |       |     1 |    40 |    77 ||   118
       Dispel Undead     |       |       |       |    10 |    12 ||    22
       Force Lance       |       |       |       |       |    64 ||    64
Invok: Channel Energy    |       |       |    13 |    88 |   226 ||   327
       Forget Spell      |       |       |       |       |     2 ||     2
Evoke: Wand              |       |       |     3 |    13 |     3 ||    19
  Use: Scroll            |       |     2 |     4 |    11 |     4 ||    21
 Stab: Sleeping          |     6 |     2 |     2 |     1 |     1 ||    12
       Distracted        |       |     1 |     1 |     3 |     2 ||     7
       Held in net/web   |       |       |     1 |       |       ||     1
       Paralysed         |       |       |     7 |     5 |       ||    12
